 Dungeon Crawl Stone Soup version 0.27-a0-1500-g450c7e4133 (webtiles) character file.

Game seed: 14092640954044302064

833 dolemite99 the Chiller (level 7, -4/51 HPs)
             Began as a Gnoll Ice Elementalist on July 7, 2021.
             Was a Believer of Wu Jian.
             Slain by a wyvern zombie (14 damage)
             ... on level 5 of the Dungeon on July 8, 2021.
             The game lasted 00:07:46 (7127 turns).

dolemite99 the Chiller (Gnoll Ice Elementalist)     Turns: 7127, Time: 00:07:47

Health: -4/51      AC:  3    Str:  7    XL:     7   Next: 98%
Magic:  13/15      EV: 14    Int: 16    God:    Wu Jian [**....]
Gold:   43         SH:  0    Dex: 13    Spells: 10/17 levels left

rFire    . . .     SeeInvis .   w - +0 whip (holy)
rCold    . . .     Faith    .   (no shield)
rNeg     + . .     Spirit   .   p - +0 robe
rPois    .         Reflect  .   (no helmet)
rElec    .         Harm     .   (no cloak)
rCorr    .         Rampage  .   (no gloves)
Will     .....                  j - +0 pair of boots
Stlth    +++.......             (no amulet)
HPRegen  0.17/turn              H - ring of positive energy
MPRegen  0.14/turn              (no ring)

@: no status effects
A: fangs 1, strong nose, distributed training
a: Renounce Religion, Wall Jump


You were on level 5 of the Dungeon.
You worshipped Wu Jian.
Wu Jian was pleased with you.
You visited 1 branch of the dungeon, and saw 5 of its levels.

You collected 115 gold pieces.
You spent 72 gold pieces at shops.

Inventory:

Hand Weapons
 a - a +4 dagger of draining
 b - a +0 quarterstaff
 c - a +0 spear
 l - a +0 hunting sling
 r - a +0 hunting sling
 w - a +0 whip of holy wrath (weapon)
 z - a +0 morningstar of holy wrath
 B - a +2 short sword of draining
Missiles
 e - 35 poisoned darts (quivered)
 h - 25 arrows
 o - 154 stones
 G - 39 bolts
Armour
 j - a +0 pair of boots (worn)
 p - a +0 robe (worn)
 q - a +0 leather armour
Magical Staves
 v - a staff of cold
Jewellery
 H - a ring of positive energy (left hand)
Wands
 y - a wand of polymorph (3)
 A - a wand of charming (13)
Scrolls
 d - a scroll of fog {unknown}
 g - 4 scrolls of teleportation
 i - a scroll of immolation
 C - a scroll of magic mapping {unknown}
 D - a scroll of fear {unknown}
Potions
 f - 2 potions of attraction {unknown}
 k - a potion of haste {unknown}
 m - a potion of brilliance {unknown}
 n - 2 potions of ambrosia
 s - a potion of curing {unknown}
 t - a potion of mutation {unknown}
 u - a potion of invisibility {unknown}
 x - a potion of flight {unknown}
 E - 2 potions of heal wounds
 F - a potion of cancellation {unknown}


   Skills:
 + Level 2.8 Fighting
 + Level 2.8 Short Blades
 + Level 2.8 Long Blades
 + Level 2.8 Axes
 + Level 2.8 Maces & Flails
 + Level 2.8 Polearms
 + Level 2.8 Staves
 + Level 2.8 Slings
 + Level 2.8 Bows
 + Level 2.8 Crossbows
 + Level 2.8 Throwing
 + Level 2.8 Armour
 + Level 5.4 Dodging
 + Level 5.1 Stealth
 + Level 2.8 Shields
 + Level 2.8 Unarmed Combat
 + Level 5.8 Spellcasting
 + Level 2.3 Conjurations
 + Level 2.3 Hexes
 + Level 2.3 Summonings
 + Level 2.3 Necromancy
 + Level 2.3 Translocations
 + Level 2.3 Transmutations
 + Level 2.3 Fire Magic
 + Level 7.5 Ice Magic
 + Level 2.3 Air Magic
 + Level 2.3 Earth Magic
 + Level 2.3 Poison Magic
 + Level 3.1 Invocations
 + Level 2.8 Evocations


You had 10 spell levels left.
You knew the following spells:

 Your Spells              Type           Power      Damage    Failure   Level
a - Freeze                Ice            100%       1d11      1%          1
b - Frozen Ramparts       Ice            56%        1d7       1%          3
c - Tukima's Dance        Hex            12%        N/A       16%         3

Your spell library contained the following spells:

 Spells                   Type           Power      Damage    Failure   Level
 Ozocubu's Armour         Ice            28%        N/A       1%          3
 Animate Skeleton         Necr           24%        N/A       5%          1
 Apportation              Tloc           24%        N/A       5%          1
 Corona                   Hex            13%        N/A       5%          1
 Sandblast                Erth           24%        2d8       5%          1
 Summon Small Mammal      Summ           48%        N/A       5%          1
 Passwall                 Tmut/Erth      10%        N/A       9%          2
 Hailstorm                Conj/Ice       20%        3d6       19%         4
 Passage of Golubria      Tloc           N/A        N/A       47%         4
 Lee's Rapid Deconstruct  Erth           6%         3d7*      83%         5
 Yara's Violent Unravell  Hex/Tmut       6%         3d5       83%         5


Dungeon Overview and Level Annotations

Branches:
Dungeon (5/15)             Temple (0/1) D:4

Altars:
Makhleb
Okawaru
Wu Jian
Yredelemnul

Shops:
D:4 *[[


Innate Abilities, Weirdness & Mutations

You have very sharp teeth.
Your uncanny sense of smell can sniff out nearby items.
Your experience applies equally to all skills.


Message History

The wyvern zombie resists.
The wall freezes the wyvern zombie.
The wyvern zombie bites you.
The wyvern zombie completely resists.
The wall freezes the wyvern zombie but does no damage.
The wyvern zombie bites you!
You hit the wyvern zombie.
The wyvern zombie convulses.
The wyvern zombie is moderately damaged.
The wyvern zombie resists.
The wall freezes the wyvern zombie.
The wyvern zombie closely misses you.
You hit the wyvern zombie.
The wyvern zombie convulses.
You bite the wyvern zombie, but do no damage.
The wyvern zombie is heavily damaged.
The wyvern zombie completely resists.
The wall freezes the wyvern zombie but does no damage.
The wyvern zombie closely misses you.
You hit the wyvern zombie but do no damage.
The wyvern zombie is heavily damaged.
The wyvern zombie completely resists.
The wall freezes the wyvern zombie but does no damage.
The wyvern zombie completely misses you.
You barely miss the wyvern zombie.
The wyvern zombie is heavily damaged.
The wyvern zombie completely resists.
The wall freezes the wyvern zombie but does no damage.
The wyvern zombie closely misses you.
The wyvern zombie resists.
The wall freezes the wyvern zombie.
The wyvern zombie closely misses you.
You barely miss the wyvern zombie.
The wyvern zombie is heavily damaged.
The wall freezes the wyvern zombie but does no damage.
The wyvern zombie barely misses you.
You hit the wyvern zombie.
The wyvern zombie convulses.
The wyvern zombie is heavily damaged.
The wyvern zombie completely resists.
The wall freezes the wyvern zombie but does no damage.
The wyvern zombie bites you!
* * * LOW HITPOINT WARNING * * *
You hit the wyvern zombie but do no damage.
You bite the wyvern zombie, but do no damage.
The wyvern zombie is heavily damaged.
The frozen ramparts melt away.
The wyvern zombie bites you!
You die...

### +.+
#.### +.@Z#
###.###
#.'.'.#
###.### ∆
#.'.'_#
###.###
#####.'.'.#
##...###.###
#....#.'.'.#


You could see a wyvern zombie.

Vanquished Creatures
  A necrophage (D:5)
  A phantom (D:4)
  A water moccasin zombie (D:5)
  2 centaur zombies (D:5)
  2 bullfrog zombies (D:5)
  A jelly (D:4)
  A human zombie (D:5)
  Natasha (thrice) (D:2)
  A centaur skeleton (D:4)
  3 iguanas (D:4)
  Terence (D:3)
  A scorpion zombie (D:5)
  2 orc wizards (D:3)
  A hound skeleton (D:3)
  4 adders
  4 worms
  12 orcs
  3 endoplasms
  6 giant cockroaches
  4 goblins
  A hobgoblin (D:1)
  5 jackals
  A quokka (D:1)
  7 ball pythons
  2 bats
  6 frilled lizards
  4 kobolds
  5 rats
85 creatures vanquished.

Notes
Turn   | Place    | Note
-------+----------+-------------------------------------------
     0 | D:1      | dolemite99 the Gnoll Ice Elementalist began the quest for
                  | the Orb.
     0 | D:1      | Reached XP level 1. HP: 13/13 MP: 6/6
   279 | D:1      | Reached XP level 2. HP: 19/19 MP: 4/7
   780 | D:1      | Reached XP level 3. HP: 24/25 MP: 7/9
   992 | D:2      | Reached skill level 5 in Spellcasting
  1119 | D:2      | Reached skill level 1 in Invocations
  1199 | D:2      | Noticed Natasha
  1206 | D:2      | Killed Natasha
  1207 | D:2      | Reached skill level 1 in Fighting
  1207 | D:2      | Reached skill level 1 in Short Blades
  1207 | D:2      | Reached skill level 1 in Long Blades
  1207 | D:2      | Reached skill level 1 in Axes
  1207 | D:2      | Reached skill level 1 in Maces & Flails
  1207 | D:2      | Reached skill level 1 in Polearms
  1207 | D:2      | Reached skill level 1 in Staves
  1207 | D:2      | Reached skill level 1 in Slings
  1207 | D:2      | Reached skill level 1 in Bows
  1207 | D:2      | Reached skill level 1 in Crossbows
  1207 | D:2      | Reached skill level 1 in Throwing
  1207 | D:2      | Reached skill level 1 in Armour
  1207 | D:2      | Reached skill level 1 in Shields
  1207 | D:2      | Reached skill level 1 in Unarmed Combat
  1207 | D:2      | Reached skill level 1 in Evocations
  1207 | D:2      | Reached XP level 4. HP: 23/32 MP: 7/11
  1893 | D:2      | Noticed Natasha
  1899 | D:2      | Killed Natasha
  1900 | D:2      | Reached skill level 1 in Conjurations
  1900 | D:2      | Reached skill level 1 in Hexes
  1900 | D:2      | Reached skill level 1 in Summonings
  1900 | D:2      | Reached skill level 1 in Necromancy
  1900 | D:2      | Reached skill level 1 in Translocations
  1900 | D:2      | Reached skill level 1 in Transmutations
  1900 | D:2      | Reached skill level 1 in Fire Magic
  1900 | D:2      | Reached skill level 1 in Air Magic
  1900 | D:2      | Reached skill level 1 in Earth Magic
  1900 | D:2      | Reached skill level 1 in Poison Magic
  2161 | D:2      | Noticed Natasha
  2171 | D:2      | Killed Natasha
  2172 | D:2      | Reached XP level 5. HP: 27/37 MP: 9/12
  3712 | D:3      | Noticed Terence
  3945 | D:3      | Learned a level 3 spell: Frozen Ramparts
  4059 | D:3      | Found a faded altar of an unknown god.
  4067 | D:3      | Became a worshipper of the Wu Jian Council
  4067 | D:3      | Reached * piety under Wu Jian
  4339 | D:3      | Killed Terence
  4340 | D:3      | Reached XP level 6. HP: 44/44 MP: 13/13
  4549 | D:4      | Learned a level 3 spell: Tukima's Dance
  4692 | D:4      | Reached skill level 5 in Dodging
  4739 | D:4      | Found a staircase to the Ecumenical Temple.
  4963 | D:4      | Found Vydesiz's Assorted Antiques.
  5054 | D:4      | Bought a scroll of identify for 48 gold pieces
  5054 | D:4      | Bought a scroll labelled LORPHI YGUE for 24 gold pieces
  5115 | D:4      | Reached XP level 7. HP: 22/50 MP: 11/15
  5404 | D:4      | Found an iron altar of Okawaru.
  5488 | D:4      | Found Sunu's Armour Shoppe.
  5495 | D:4      | Reached ** piety under Wu Jian
  5602 | D:4      | Found a burning altar of Makhleb.
  5698 | D:4      | Found Ysakha's Armour Boutique.
  5752 | D:5      | Entered Level 5 of the Dungeon
  6254 | D:5      | Reached skill level 5 in Stealth
  6767 | D:5      | Found a basalt altar of Yredelemnul.
  7127 | D:5      | Slain by a wyvern zombie

Illustrated notes

Levels and vault maps discovered:
D:1:      moated_graveyard_arrival, layout_basic
D:2:      layout_loops_corners, uniq_natasha
D:3:      layout_loops_cross, ebering_ecumenical_altar_rust, minivault_11,
          uniq_terence
D:4:      layout_rooms, mainiacjoe_overflow_alcove_2, marbit_many_paths,
          minmay_temple_entry_wispy, serial_shops, nicolae_diamond_shop, shop,
          nicolae_shop_crystal, kennysheep_generic_room_14
D:5:      layout_loops_ring, lemuel_mausoleum_altar_yredelemnul

Skill      XL: |  1  2  3  4  5  6  7 |
---------------+----------------------+-----
Spellcasting   | 5 |  5.8
Invocations    | 1 2 3 |  3.1
Fighting       | 1 2 |  2.8
Short Blades   | 1 2 |  2.8
Long Blades    | 1 2 |  2.8
Axes           | 1 2 |  2.8
Maces & Flails | 1 2 |  2.8
Polearms       | 1 2 |  2.8
Staves         | 1 2 |  2.8
Slings         | 1 2 |  2.8
Bows           | 1 2 |  2.8
Crossbows      | 1 2 |  2.8
Throwing       | 1 2 |  2.8
Armour         | 1 2 |  2.8
Shields        | 1 2 |  2.8
Unarmed Combat | 1 2 |  2.8
Evocations     | 1 2 |  2.8
Conjurations   | 1 2 |  2.3
Hexes          | 1 2 |  2.3
Summonings     | 1 2 |  2.3
Necromancy     | 1 2 |  2.3
Translocations | 1 2 |  2.3
Transmutations | 1 2 |  2.3
Fire Magic     | 1 2 |  2.3
Air Magic      | 1 2 |  2.3
Earth Magic    | 1 2 |  2.3
Poison Magic   | 1 2 |  2.3
Dodging        | 5 |  5.4
Stealth        | 5 |  5.1
Ice Magic      | |  7.5

Action                   |  1- 3 |  4- 6 |  7- 9 || total
-------------------------+-------+-------+-------++-------
Melee: Spear             |    23 |    29 |       ||    52
       Unarmed           |       |     7 |       ||     7
       Staff             |       |     5 |       ||     5
       Dagger            |       |    36 |    53 ||    89
       Bite              |       |     4 |    15 ||    19
       Quarterstaff      |       |     1 |       ||     1
       Punch             |       |     1 |       ||     1
       Whip              |       |       |    30 ||    30
       Morningstar       |       |       |    11 ||    11
Throw: Dart              |    22 |    69 |    15 ||   106
 Cast: Freeze            |    28 |    41 |       ||    69
       Frozen Ramparts   |       |     7 |    12 ||    19
Invok: Lunge             |       |     3 |     3 ||     6
       Whirlwind         |       |     1 |       ||     1
  Use: Scroll            |       |     7 |       ||     7
 Stab: Sleeping          |       |     2 |     3 ||     5
       Confused          |       |     1 |       ||     1
Armor: Robe              |     6 |     9 |    19 ||    34
       Leather armour    |       |     2 |       ||     2
       Skin              |       |     2 |       ||     2
Dodge: Dodged            |    24 |    48 |    66 ||   138

Table legend: (Time is in decaauts)
 A = Elapsed time spent in this place.
 B = Non-inter-level travel time spent in this place.
 C = Inter-level travel time spent in this place.
 D = Time resting spent in this place.
 E = Time spent auto-exploring this place.
 F = Levels seen in this place.
 G = Mean time per level.
                   A        B        C        D        E       F      G
               +--------+--------+--------+--------+--------+-----+--------+
         Total |   7109 |   6925 |    184 |   2498 |   3425 |   5 | 1421.8 |
       Dungeon |   7109 |   6925 |    184 |   2498 |   3425 |   5 | 1421.8 |
               +--------+--------+--------+--------+--------+-----+--------+

Top non-repeatable levels by time:
     D:2: 2150 daAuts
     D:3: 1443 daAuts
     D:5: 1371 daAuts
     D:4: 1206 daAuts
     D:1: 937 daAuts
